 Dungeon Crawl Stone Soup version 0.30.1-8-g117510f58f (webtiles) character file.

Game seed: 8616181723039183001

135 HagarQim the Grave Robber (level 4, -4/24 HPs)
             Began as a Deep Elf Necromancer on Sept 22, 2023.
             Slain by a gnoll
             ... wielding a +0 spear
              (6 damage)
             ... on level 3 of the Dungeon.
             The game lasted 00:04:47 (1889 turns).

HagarQim the Grave Robber (Deep Elf Necromancer)    Turns: 1889, Time: 00:04:47

Health: -4/24      AC:  3    Str:  5    XL:     4   Next: 96%
Magic:  4/12       EV: 13    Int: 20    God:
Gold:   116        SH:  0    Dex: 17    Spells: 7/11 levels left

rFire   . . .        l - +3 rapier (venom)
rCold   . . .        (no shield)
rNeg    . . .        a - +0 robe
rPois   .            (no helmet)
rElec   .            g - +0 cloak
rCorr   .            (no gloves)
SInv    .            (no boots)
Will    .....        (no amulet)
Stlth   +++          (no ring)
HPRegen 0.24/turn    (no ring)
MPRegen 0.13/turn

%: no passive effects
@: no status effects
A: no striking features
a: no special abilities


You were on level 3 of the Dungeon.
You visited 1 branch of the dungeon, and saw 3 of its levels.

You collected 116 gold pieces.

Inventory:

Hand Weapons
 c - a +0 dagger
 l - a +3 rapier of venom (weapon)
Armour
 a - a +0 robe (worn)
 e - a scarf of harm
 g - a +0 cloak (worn)
Scrolls
 i - a scroll of teleportation
Potions
 b - a potion of magic
 d - 2 potions of ambrosia {unknown}
 f - a potion of haste {unknown}
 h - a potion of curing {unknown}
 k - a potion of berserk rage {unknown}
 m - 2 potions of heal wounds {unknown}


   Skills:
 + Level 0.1 Fighting
 + Level 1.1 Short Blades
 + Level 2.8 Dodging
 + Level 4.0 Stealth
 + Level 4.4 Spellcasting
 + Level 5.7 Necromancy


You had 7 spell levels left.
You knew the following spells:

 Your Spells              Type           Power      Damage    Failure   Level
a - Necrotise             Necr           100%       1d9       1%          1
b - Vampiric Draining     Necr           27%        2d7       3%          3

Your spell library contained the following spells:

 Spells                   Type           Power      Damage    Failure   Level
 Animate Dead             Necr           27%        N/A       12%         4
 Agony                    Necr           27%        N/A       32%         5


Dungeon Overview and Level Annotations

Branches:
Dungeon (3/15)

Altars:
Xom


Message History

You see here an adder corpse.
Found a chain mail.
As you open the door, it creaks loudly!
A gnoll comes into view. It is wielding a +0 spear.
The gnoll shouts!
You hear a shout!
A gnoll comes into view. It is wielding a +2 heavy flail.
Found a stone staircase leading down.
A gnoll comes into view. It is wielding a +0 club.
There is an open door here.
The gnoll writhes in agony.
The gnoll writhes in agony!
The gnoll writhes in agony!
The gnoll writhes in agony.
The gnoll writhes in agony!
You kill the gnoll!
The dead are walking!
The gnoll hits you from afar with a +0 spear.
Your Stealth skill increases to level 4!
The gnoll barely resists.
The gnoll misses you.
The gnoll writhes in agony.
The gnoll hits you with a +0 club. The gnoll hits you but does no damage.
The gnoll writhes in agony.
Your gnoll skeleton hits the gnoll.
The gnoll hits you with a +0 club.
The gnoll hits you from afar with a +0 spear.
* * * LOW HITPOINT WARNING * * *
The gnoll attacks as you move away! The gnoll hits you with a +0 club.
* * * LOW HITPOINT WARNING * * *
Your gnoll skeleton hits the gnoll.
The gnoll dies!
Your Short Blades skill increases to level 1!
You are too injured to fight recklessly!
Unknown command.
Casting: Necrotise (safe; 1% risk of failure)
Confirm with . or Enter, or press ? or * to list all spells.
Aiming: Necrotise (safe; 1% risk of failure)
Press: ? - help, Shift-Dir - straight line, f - gnoll
Aim: a gnoll, wielding a +0 spear (severely wounded, ally target, chance to affect: 88%)
The gnoll barely resists.
The gnoll hits you from afar with a +0 spear.
You die...

# ^# ##+# ###. #...#
#.. .....# #.#
......# ##.##
....>..####...######
.....)Zg.@...[......
.......####...######
......# ##.## .....#
####.###### #...#
#.........# ##+#
#.##.####.# # #.##
#.# #..# #.# ##.#
#.#


You could see a gnoll (ally target) and a friendly gnoll skeleton.

Vanquished Creatures
  Jessica (D:2)
  2 gnolls
  2 adders
  A worm (D:2)
  3 dart slugs
  3 bats
  5 endoplasms
  2 giant cockroaches
  6 hobgoblins
  4 jackals (D:2)
  A quokka (D:1)
  3 ball pythons
  3 frilled lizards (D:1)
  6 goblins
  4 kobolds
  3 rats
49 creatures vanquished.

Vanquished Creatures (collateral kills)
  A gnoll (D:3)
  A giant cockroach (D:1)
  A goblin (D:1)
3 creatures vanquished.

Grand Total: 52 creatures vanquished

Notes
Turn   | Place    | Note
-------+----------+-------------------------------------------
     0 | D:1      | HagarQim the Deep Elf Necromancer began the quest for the
                  | Orb.
     0 | D:1      | Reached XP level 1. HP: 10/10 MP: 6/6
    31 | D:1      | Reached skill level 5 in Necromancy
   111 | D:1      | Reached XP level 2. HP: 10/15 MP: 4/8
   363 | D:1      | Reached XP level 3. HP: 15/19 MP: 5/10
  1229 | D:2      | Learned a level 3 spell: Vampiric Draining
  1246 | D:2      | Reached XP level 4. HP: 24/24 MP: 11/11
  1405 | D:2      | Noticed Jessica
  1413 | D:2      | Killed Jessica
  1656 | D:2      | Found a shimmering altar of Xom.
  1888 | D:3      | Reached skill level 1 in Short Blades
  1889 | D:3      | Slain by a gnoll

Illustrated notes

Levels and vault maps discovered:
D:1:      saegor_arrival_simple_d, layout_rooms, minmay_misc_feat_four_crosses,
          st_stairs_11, chequers_serial_rivers_small_b, minmay_tiny_reverse_x
D:2:      layout_loops_ring, basic_altar, uniq_jessica
D:3:      kennysheep_goblin_castle, layout_loops_corners,
          nicolae_tso_swordbearing_angel, gup_sewer_entry_bowl

Skill      XL: |  1  2  3  4 |
---------------+-------------+-----
Necromancy     | 5 |  5.7
Stealth        | 3 4 |  4.0
Spellcasting   | 4 |  4.4
Short Blades   | 1 |  1.1
Fighting       | |  0.1
Dodging        | |  2.8

Action                     |  1- 3 |  4- 6 || total
---------------------------+-------+-------++-------
  Melee: Unarmed           |     5 |       ||     5
         Dagger            |    40 |     1 ||    41
         Punch             |     1 |       ||     1
         Rapier            |       |    12 ||    12
   Cast: Necrotise         |    40 |    13 ||    53
    Use: Scroll            |       |     2 ||     2
   Stab: Sleeping          |     7 |     5 ||    12
         Distracted        |     2 |       ||     2
 Armour: Robe              |    15 |     1 ||    16
  Dodge: Dodged            |    46 |     4 ||    50
